SNL (28 & UNDER)
SANTA FE DIABLOS @ KEY WEST BARRACUDAS
08/26/2026
 
TOP OF THE 1ST
Santa Fe Diablos batting - Pitching for Key West Barracudas : RHP Lawrence Fish
Pitching: RHP Lawrence Fish
Batting: LHB Roberto Lozano 0-0: Called Strike
0-1: Ball
1-1: Ball
2-1: Swinging Strike
2-2: Foul Ball, location: 2F
2-2: Ground out 4-3 (Groundball, 4)
Batting: LHB Juan Torres 0-0: Swinging Strike
0-1: Ball
1-1: Called Strike
1-2: Foul Ball, location: 2F
1-2: Ball
2-2: Foul Ball, location: 2F
2-2: Ball
3-2: Base on Balls
Batting: RHB Roberto Zamora 0-0: Ball
1-0: Called Strike
1-1: Swinging Strike
1-2: Strikes out swinging
Batting: RHB Lee Price 0-0: Called Strike
0-1: Foul Ball, location: 2F
0-2: Foul Ball, location: 2F
0-2: Strikes out swinging
Top of the 1st over - 0 run(s), 0 hit(s), 0 error(s), 1 left on base; Santa Fe 0 - Key West 0
BOTTOM OF THE 1ST
Key West Barracudas batting - Pitching for Santa Fe Diablos : RHP Marcos Miranda
Pitching: RHP Marcos Miranda
Batting: SHB Rodney Birling 0-0: Called Strike
0-1: Fly out, F6 (Popup, 6M)
Batting: RHB Carlos Bravo 0-0: Foul Ball, location: 2F
0-1: Ball
1-1: Foul Ball, location: 2F
1-2: Ball
2-2: Fly out, F8 (Flyball, 8RS)
Batting: RHB Anastasio Villa 0-0: Called Strike
0-1: Swinging Strike
0-2: Foul Ball, location: 2F
0-2: Ball
1-2: Strikes out swinging
Bottom of the 1st over - 0 run(s), 0 hit(s), 0 error(s), 0 left on base; Santa Fe 0 - Key West 0
TOP OF THE 2ND
Santa Fe Diablos batting - Pitching for Key West Barracudas : RHP Lawrence Fish
Batting: LHB Gary Kern 0-0: Called Strike
0-1: Ball
1-1: Called Strike
1-2: Strikes out swinging
Batting: RHB Claudio Souza 0-0: Called Strike
0-1: Called Strike
0-2: Strikes out swinging
Batting: LHB Michael Barrett 0-0: Ball
1-0: Ball
2-0: Ball
3-0: Called Strike
3-1: Called Strike
3-2: Foul Ball, location: 2F
3-2: Base on Balls
Batting: LHB David Hernández 0-0: Called Strike
0-1: Called Strike
0-2: Ball
1-2: Ball
2-2: Ball
3-2: Base on Balls
Michael Barrett to second
Batting: LHB Javier Martínez 0-0: Called Strike
0-1: Ball
1-1: Ball
Wild Pitch!
Michael Barrett to third
David Hernández to second
2-1: Ball
3-1: Swinging Strike
3-2: Foul Ball, location: 2F
3-2: Base on Balls
Batting: LHB Roberto Lozano 0-0: Ball
1-0: Called Strike
1-1: Foul Ball, location: 2F
1-2: Foul Ball, location: 2F
1-2: Fly out, F5 (Popup, 5F)
Top of the 2nd over - 0 run(s), 0 hit(s), 0 error(s), 3 left on base; Santa Fe 0 - Key West 0
BOTTOM OF THE 2ND
Key West Barracudas batting - Pitching for Santa Fe Diablos : RHP Marcos Miranda
Batting: LHB Jake Wells 0-0: Ground out 4-3 (Groundball, 4)
Batting: LHB Daniel Byrd 0-0: Ball
1-0: Called Strike
1-1: Called Strike
1-2: Strikes out swinging
Batting: LHB Víctor Acevedo 0-0: Ball
1-0: Ball
2-0: Ball
3-0: Called Strike
3-1: Base on Balls
Batting: RHB Carlos Miranda 0-0: Foul Ball, location: 2F
0-1: Foul Ball, location: 2F
0-2: Ball
1-2: Strikes out swinging
Bottom of the 2nd over - 0 run(s), 0 hit(s), 0 error(s), 1 left on base; Santa Fe 0 - Key West 0
TOP OF THE 3RD
Santa Fe Diablos batting - Pitching for Key West Barracudas : RHP Lawrence Fish
Batting: LHB Juan Torres 0-0: Swinging Strike
0-1: Ball
1-1: Foul Ball, location: 2F
1-2: Foul Ball, location: 2F
1-2: Ball
2-2: Strikes out swinging
Batting: RHB Roberto Zamora 0-0: Ball
1-0: Called Strike
1-1: Called Strike
1-2: Strikes out looking
Batting: RHB Lee Price 0-0: Called Strike
0-1: Foul Ball, location: 2F
0-2: Strikes out looking
Top of the 3rd over - 0 run(s), 0 hit(s), 0 error(s), 0 left on base; Santa Fe 0 - Key West 0
BOTTOM OF THE 3RD
Key West Barracudas batting - Pitching for Santa Fe Diablos : RHP Marcos Miranda
Batting: RHB Dan Craft 0-0: Ball
1-0: Called Strike
1-1: SINGLE (Flyball, 9LS)
Batting: LHB Motoki Hirata 0-0: Ball
1-0: Ball
2-0: Called Strike
2-1: SINGLE (Line Drive, 4M)
Dan Craft to second
Batting: SHB Rodney Birling 0-0: Grounds out, U3 (Groundball, 3L)
Dan Craft to third
Batting: RHB Carlos Bravo 0-0: Ball
1-0: Called Strike
1-1: Ball
2-1: Swinging Strike
2-2: Ball
3-2: Strikes out swinging
Batting: RHB Anastasio Villa 0-0: Ball
1-0: SINGLE (Line Drive, 4MD)
Dan Craft scores
Motoki Hirata to third
Runner from 3rd tries for Home, SAFE, no throw or cutoff
Batting: LHB Jake Wells 0-0: Ball
1-0: Called Strike
1-1: Foul Ball, location: 2F
1-2: Foul Ball, location: 2F
1-2: Ground out 4-3 (Groundball, 4)
Bottom of the 3rd over - 2 run(s), 3 hit(s), 0 error(s), 1 left on base; Santa Fe 0 - Key West 2
TOP OF THE 4TH
Santa Fe Diablos batting - Pitching for Key West Barracudas : RHP Lawrence Fish
Batting: LHB Gary Kern 0-0: TRIPLE (Line Drive, 8RXD)
Batting: RHB Claudio Souza 0-0: Foul Ball, location: 2F
0-1: Ball
1-1: Called Strike
1-2: Strikes out swinging
Batting: LHB Michael Barrett 0-0: Foul Ball, location: 2F
0-1: Called Strike
0-2: Ball
1-2: Ball
2-2: Foul Ball, location: 2F
2-2: Foul Ball, location: 2F
2-2: Ball
3-2: Strikes out swinging
Batting: LHB David Hernández 0-0: Called Strike
0-1: Foul Ball, location: 2F
0-2: Ball
1-2: Ball
2-2: Fly out, F8 (Flyball, 8RM)
Top of the 4th over - 0 run(s), 1 hit(s), 0 error(s), 1 left on base; Santa Fe 0 - Key West 2
BOTTOM OF THE 4TH
Key West Barracudas batting - Pitching for Santa Fe Diablos : RHP Marcos Miranda
Batting: LHB Daniel Byrd 0-0: Called Strike
0-1: Ball
1-1: Called Strike
1-2: Strikes out swinging
Batting: LHB Víctor Acevedo 0-0: Called Strike
0-1: Ball
1-1: Foul Ball, location: 2F
1-2: Foul Ball, location: 2F
1-2: Strikes out swinging
Batting: RHB Carlos Miranda 0-0: Foul Ball, location: 2F
0-1: Ball
1-1: Fly out, F6 (Popup, 6)
Bottom of the 4th over - 0 run(s), 0 hit(s), 0 error(s), 0 left on base; Santa Fe 0 - Key West 2
TOP OF THE 5TH
Santa Fe Diablos batting - Pitching for Key West Barracudas : RHP Lawrence Fish
Batting: LHB Javier Martínez 0-0: Called Strike
0-1: Swinging Strike
0-2: Fly out, F8 (Line Drive, 8LXD)
Batting: LHB Roberto Lozano 0-0: Ball
1-0: Ball
2-0: Called Strike
2-1: Swinging Strike
2-2: SINGLE (Groundball, 3S) (infield hit)
Batting: LHB Juan Torres 0-0: Called Strike
0-1: Swinging Strike
0-2: Strikes out swinging
Pitching: RHP Gerald Núñez
Batting: RHB Roberto Zamora 0-0: Called Strike
0-1: Ball
1-1: Foul Ball, location: 2F
1-2: Ball
Roberto Lozano steals 2nd base
2-2: Foul Ball, location: 2F
2-2: DOUBLE (Groundball, 5L)
Roberto Lozano scores
Batting: RHB Lee Price 0-0: Called Strike
0-1: Ball
1-1: Foul Ball, location: 2F
1-2: Fly out, F8 (Flyball, 8LXD)
Top of the 5th over - 1 run(s), 2 hit(s), 0 error(s), 1 left on base; Santa Fe 1 - Key West 2
BOTTOM OF THE 5TH
Key West Barracudas batting - Pitching for Santa Fe Diablos : RHP Marcos Miranda
Batting: RHB Dan Craft 0-0: Ball
1-0: Called Strike
1-1: Ball
2-1: Foul Ball, location: 2F
2-2: Ground out 1-3 (Groundball, 13)
Batting: LHB Motoki Hirata 0-0: Ball
1-0: Called Strike
1-1: Called Strike
1-2: Ball
2-2: SINGLE (Flyball, 6MD)
Batting: SHB Rodney Birling 0-0: Called Strike
0-1: Fly out, F9 (Line Drive, 9M)
Batting: RHB Carlos Bravo 0-0: Swinging Strike
0-1: Ball
1-1: Ground out 6-3 (Groundball, 6)
Bottom of the 5th over - 0 run(s), 1 hit(s), 0 error(s), 1 left on base; Santa Fe 1 - Key West 2
TOP OF THE 6TH
Santa Fe Diablos batting - Pitching for Key West Barracudas : RHP Gerald Núñez
Batting: LHB Gary Kern 0-0: Called Strike
0-1: Foul Ball, location: 2F
0-2: Strikes out looking
Batting: RHB Claudio Souza 0-0: Called Strike
0-1: Called Strike
0-2: Ball
1-2: Foul Ball, location: 2F
1-2: Foul Ball, location: 2F
1-2: Foul Ball, location: 2F
1-2: Foul Ball, location: 2F
1-2: Foul Ball, location: 2F
1-2: Ball
2-2: Foul Ball, location: 2F
2-2: Ball
3-2: Foul Ball, location: 2F
3-2: Fly out, F2 (Popup, 2RF)
Pitching: RHP Sean Harden
Batting: LHB Michael Barrett 0-0: Ball
1-0: Swinging Strike
1-1: Ball
2-1: Swinging Strike
2-2: Ball
3-2: Base on Balls
Batting: LHB David Hernández 0-0: Ball
1-0: Ball
2-0: Ball
3-0: Base on Balls
Michael Barrett to second
Batting: LHB Javier Martínez 0-0: Called Strike
0-1: Ball
1-1: Swinging Strike
1-2: Ball
2-2: Foul Ball, location: 2F
2-2: Foul Ball, location: 2F
2-2: Strikes out swinging
Top of the 6th over - 0 run(s), 0 hit(s), 0 error(s), 2 left on base; Santa Fe 1 - Key West 2
BOTTOM OF THE 6TH
Key West Barracudas batting - Pitching for Santa Fe Diablos : RHP Marcos Miranda
Batting: RHB Anastasio Villa 0-0: Hit by Pitch
Batting: LHB Jake Wells 0-0: Foul Ball, location: 2F
0-1: Ball
1-1: Ball
2-1: Swinging Strike
2-2: Ball
3-2: Strikes out looking
Anastasio Villa is caught stealing 2nd base
Batter strikes out.
Batting: LHB Daniel Byrd 0-0: Called Strike
0-1: SINGLE (Flyball, 6MD)
Pitching: LHP Daniel Draper
Batting: LHB Víctor Acevedo 0-0: Foul Ball, location: 2F
0-1: Called Strike
0-2: Fly out, F7 (Flyball, 7M)
Bottom of the 6th over - 0 run(s), 1 hit(s), 0 error(s), 1 left on base; Santa Fe 1 - Key West 2
TOP OF THE 7TH
Santa Fe Diablos batting - Pitching for Key West Barracudas : RHP Sean Harden
Batting: LHB Roberto Lozano 0-0: Ball
1-0: Ball
2-0: Foul Ball, location: 2F
2-1: Ball
3-1: DOUBLE (Line Drive, 9LM)
Batting: LHB Juan Torres 0-0: Called Strike
0-1: Swinging Strike
0-2: Ball
1-2: Foul Ball, location: 2F
1-2: Ball
2-2: Strikes out swinging
Batting: RHB Roberto Zamora 0-0: Ball
1-0: Ground out 6-3 (Groundball, 6)
Batting: RHB Lee Price 0-0: Foul Ball, location: 2F
0-1: Swinging Strike
0-2: Ball
1-2: Ball
2-2: Strikes out swinging
Top of the 7th over - 0 run(s), 1 hit(s), 0 error(s), 1 left on base; Santa Fe 1 - Key West 2
BOTTOM OF THE 7TH
Key West Barracudas batting - Pitching for Santa Fe Diablos : LHP Daniel Draper
Batting: RHB Carlos Miranda 0-0: Ball
1-0: Called Strike
1-1: Ball
2-1: Swinging Strike
2-2: Fly out, F9 (Flyball, 9M)
Batting: RHB Dan Craft 0-0: Ball
1-0: SINGLE (Line Drive, 89S)
Pinch Hitting: RHB Joe Bailey 0-0: Ball
1-0: Fly out, F9 (Flyball, 89D)
Runner from 1st tags up, SAFE at 2nd
Pinch Hitting: RHB Frederick Chamberlain 0-0: Ball
1-0: Called Strike
1-1: Called Strike
1-2: Ball
2-2: Ball
3-2: Strikes out looking
Bottom of the 7th over - 0 run(s), 1 hit(s), 0 error(s), 1 left on base; Santa Fe 1 - Key West 2
TOP OF THE 8TH
Santa Fe Diablos batting - Pitching for Key West Barracudas : RHP Sean Harden
Pitching: LHP Luke Brown
Now at 3B: Joe Bailey
Now at SS: Richard Sanders
Batting: LHB Gary Kern 0-0: Called Strike
0-1: Called Strike
0-2: Ball
1-2: Strikes out swinging
Pitching: RHP Gabe Lewis
Batting: RHB Claudio Souza 0-0: Ball
1-0: Called Strike
1-1: Swinging Strike
1-2: Foul Ball, location: 2F
1-2: Foul Ball, location: 2F
1-2: Foul Ball, location: 2F
1-2: Strikes out swinging
Batting: LHB Michael Barrett 0-0: Called Strike
0-1: Called Strike
0-2: Strikes out swinging
Top of the 8th over - 0 run(s), 0 hit(s), 0 error(s), 0 left on base; Santa Fe 1 - Key West 2
BOTTOM OF THE 8TH
Key West Barracudas batting - Pitching for Santa Fe Diablos : LHP Daniel Draper
Batting: RHB Carlos Bravo 0-0: Foul Ball, location: 2F
0-1: Ball
1-1: Foul Ball, location: 2F
1-2: Fly out, F9 (Line Drive, 89S)
Batting: RHB Anastasio Villa 0-0: Called Strike
0-1: Swinging Strike
0-2: Ball
1-2: Ball
2-2: Ball
3-2: Fly out, F9 (Line Drive, 9S)
Batting: LHB Jake Wells 0-0: Ball
1-0: Ball
2-0: Ball
3-0: Called Strike
3-1: Base on Balls
Batting: LHB Daniel Byrd 0-0: Foul Ball, location: 2F
0-1: Called Strike
0-2: Foul Ball, location: 2F
0-2: Ground out 4-3 (Groundball, 4)
Bottom of the 8th over - 0 run(s), 0 hit(s), 0 error(s), 1 left on base; Santa Fe 1 - Key West 2
TOP OF THE 9TH
Santa Fe Diablos batting - Pitching for Key West Barracudas : RHP Gabe Lewis
Pitching: RHP George Bennion
Pinch Hitting: SHB George Adams 0-0: Ball
1-0: Ball
2-0: Ball
3-0: Base on Balls
Pinch Hitting: RHB John Dinkins 0-0: Ball
1-0: Sac Bunt - play at first, batter OUT! 1-4
George Adams to second
Batting: LHB Roberto Lozano 0-0: Ball
1-0: Called Strike
1-1: Ground out 6-3 (Groundball, 6M)
George Adams to third
Batting: LHB Juan Torres 0-0: Called Strike
0-1: Swinging Strike
0-2: Foul Ball, location: 2F
0-2: Ball
1-2: Strikes out swinging
Top of the 9th over - 0 run(s), 0 hit(s), 0 error(s), 1 left on base; Santa Fe 1 - Key West 2
Monday, December 5th, 2016 - OOTP Baseball 17.12 Build 75